 Dungeon Crawl Stone Soup version 0.24-a0-479-g9a978d2894 (webtiles) character file.

Game seed: 17250808990986370798

78 forest the Sneak (level 4, -2/23 HPs)
             Began as a Spriggan Assassin on July 8, 2019.
             Slain by a worm (12 damage)
             ... on level 2 of the Dungeon.
             The game lasted 00:05:23 (2463 turns).

forest the Sneak (Spriggan Assassin)                Turns: 2463, Time: 00:05:24

Health: -2/23      AC:  3    Str:  8    XL:     4   Next: 15%
Magic:  5/5        EV: 17    Int: 12    God:
Gold:   65         SH:  0    Dex: 17    Spells: 3/3 levels left

rFire    . . .     SeeInvis +   a - +2 dagger
rCold    . . .     Gourm    .   (shield restricted)
rNeg     . . .     Faith    .   b - +0 robe
rPois    .         Spirit   .   (helmet restricted)
rElec    .         Reflect  .   c - +0 cloak
rCorr    .         Harm     .   (gloves unavailable)
MR       .....                  (boots unavailable)
Stlth    ++++......             (no amulet)
HPRegen  0.07/turn              (no ring)
MPRegen  0.09/turn              (no ring)

@: very quick
A: very small, unfitting armour, see invisible, herbivore, speed 3, slow
metabolism 2
a: no special abilities


You were on level 2 of the Dungeon.
You were not hungry.

You visited 1 branch of the dungeon, and saw 2 of its levels.

You collected 65 gold pieces.

Inventory:

Hand Weapons
 a - a +2 dagger (weapon)
Missiles
 e - 2 curare-tipped darts
 g - 18 stones (quivered)
 o - 31 sling bullets
Armour
 b - a +0 robe (worn)
 c - a +0 cloak (worn)
Jewellery
 n - an uncursed ring of fire
Scrolls
 h - 3 scrolls of identify {unknown}
 i - 2 scrolls of fog {unknown}
 j - 2 scrolls of teleportation {unknown}
 k - 3 scrolls of remove curse {unknown}
Potions
 l - a potion of lignification {unknown}
 m - a potion of experience {unknown}
Comestibles
 f - 7 rations


   Skills:
 + Level 1.9 Fighting
 + Level 3.1 Short Blades
 + Level 2.2 Throwing
 + Level 2.4 Dodging
 + Level 7.2 Stealth


You had 3 spell levels left.
You didn't know any spells.
Your spell library was empty.

Dungeon Overview and Level Annotations

Branches:
Dungeon (2/15)

Altars:


Innate Abilities, Weirdness & Mutations

You are very small and have problems with some larger weapons.
You are too small for most types of armour.
You have supernaturally acute eyesight. (SInv)
You are a herbivore.
You cover ground extremely quickly.
You need to consume almost no food.


Message History

You hit the worm.
The worm is moderately wounded.
The worm bites you.
You hit the worm.
The worm is moderately wounded.
You hit the worm.
The worm is heavily wounded.
The worm closely misses you.
You hit the worm but do no damage.
The worm is heavily wounded.
You barely miss the worm.
The worm is heavily wounded.
The worm misses you.
You hit the worm.
The worm is severely wounded.
You hit the worm.
The worm is severely wounded.
The worm bites you!
Ouch! That really hurt!
You die...

######...........# #...........#
#...........# #.... ######......#
#.... #...##......# #....
#...##......# #.... #...##......#
#######.... #...##.....w#
#.......... #...##.....@#
#..........
######.†.#.......######..........
.........'.......'...............
######...#.......###..#..........
#...#....#### ##.#..........
#####....# #............ #....#
##........... ##....######
#........... #..........#
#.........).


You could see a worm.

Vanquished Creatures
  2 adders (D:2)
  An ooze (D:1)
  2 worms
  4 dart slugs
  A giant cockroach (D:1)
  7 hobgoblins
  6 jackals (D:1)
  2 bats
  2 frilled lizards (D:2)
  3 goblins
  7 kobolds (D:1)
  6 rats
43 creatures vanquished.

Notes
Turn   | Place    | Note
-------+----------+-------------------------------------------
     0 | D:1      | forest the Spriggan Assassin began the quest for the Orb.
     0 | D:1      | Reached XP level 1. HP: 10/10 MP: 2/2
    61 | D:1      | Reached skill level 6 in Stealth
   133 | D:1      | Reached XP level 2. HP: 9/14 MP: 3/3
   696 | D:1      | Reached XP level 3. HP: 7/18 MP: 4/4
   902 | D:1      | Reached skill level 7 in Stealth
  2062 | D:2      | Reached XP level 4. HP: 23/23 MP: 5/5
  2463 | D:2      | Slain by a worm

Levels and vault maps discovered:
D:1:      minmay_arrival_split_and_join, layout_basic, minmay_tromino_v7
D:2:      layout_basic, old_standard_altar, first_ration

Skill      XL: |  1  2  3 |
---------------+----------+-----
Stealth        | 6 7 |  7.2
Dodging        | 2 |  2.4
Short Blades   | 3 |  3.1
Fighting       | |  1.9
Throwing       | |  2.2

Action                   |  1- 3 |  4- 6 || total
-------------------------+-------+-------++-------
Melee: Dagger            |   183 |    21 ||   204
Throw: Dart              |    16 |     7 ||    23
       Stone             |       |    16 ||    16
 Stab: Sleeping          |     9 |       ||     9
       Distracted        |       |     1 ||     1
Armor: Robe              |    23 |     1 ||    24
Dodge: Dodged            |   157 |     6 ||   163

Table legend:
 A = Non-vault XP
 B = Vault XP
 C = Vault XP percentage of total XP
 D = Non-vault monster count
 E = Vault monster count
 F = Vault count percentage of total count
                 A         B        C        D         E       F
            +---------+---------+-------+---------+---------+-------
      Total |     106 |       6 |   5.4 |      40 |       3 |   7.0
            +---------+---------+-------+---------+---------+-------
        D:1 |      61 |       6 |   9.0 |      29 |       3 |   9.4
        D:2 |      45 |       0 |   0.0 |      11 |       0 |   0.0
            +---------+---------+-------+---------+---------+-------
